NCAA
WEST VIRGINIA MOUNTAINEERS @ PITTSBURGH PANTHERS
05/19/2025
 
TOP OF THE 1ST
West Virginia Mountaineers batting - Pitching for Pittsburgh Panthers : RHP Les Johnston
Pitching: RHP Les Johnston
Batting: RHB Howard Gould 0-0: Bunted foul
0-1: Ground out 6-3 (Groundball, 6)
Batting: RHB Drew Logan 0-0: Ball
1-0: Ball
2-0: Ground out 5-3 (Groundball, 5S)
Batting: RHB Paul Rainford 0-0: Fly out, F9 (Flyball, 9LS)
Top of the 1st over - 0 run(s), 0 hit(s), 0 error(s), 0 left on base; West Virginia 0 - Pittsburgh 0
BOTTOM OF THE 1ST
Pittsburgh Panthers batting - Pitching for West Virginia Mountaineers : LHP Wilson Ramos
Pitching: LHP Wilson Ramos
Batting: RHB Jaime Delgado 0-0: Ball
1-0: Ball
2-0: Ball
3-0: Base on Balls
Batting: RHB Félix Ruíz 0-0: Ball
1-0: Grounds into double play, 5-4-3 (Groundball, 5L)
Batting: LHB Michael Melton 0-0: Called Strike
0-1: Foul Ball, location: 2F
0-2: Strikes out looking
Bottom of the 1st over - 0 run(s), 0 hit(s), 0 error(s), 0 left on base; West Virginia 0 - Pittsburgh 0
TOP OF THE 2ND
West Virginia Mountaineers batting - Pitching for Pittsburgh Panthers : RHP Les Johnston
Batting: SHB Jonathan Woodard 0-0: Ball
1-0: Fly out, F9 (Flyball, 89M)
Batting: RHB Elvis Bingham 0-0: Foul Ball, location: 2F
0-1: Swinging Strike
0-2: Strikes out swinging
Batting: RHB Gary Stephenson 0-0: Ball
1-0: Ball
2-0: Called Strike
2-1: Ball
3-1: TRIPLE (Flyball, 89M)
Batting: RHB Jim Williams 0-0: Ball
1-0: Ball
2-0: Ball
3-0: Called Strike
3-1: Base on Balls
Batting: RHB José Vázquez 0-0: Ball
1-0: Called Strike
1-1: Swinging Strike
1-2: Strikes out swinging
Top of the 2nd over - 0 run(s), 1 hit(s), 0 error(s), 2 left on base; West Virginia 0 - Pittsburgh 0
BOTTOM OF THE 2ND
Pittsburgh Panthers batting - Pitching for West Virginia Mountaineers : LHP Wilson Ramos
Batting: RHB Rob Gilbert 0-0: Ball
1-0: Ground out 5-3 (Groundball, 5L)
Batting: RHB Ismael Ortíz 0-0: Ground out 4-3 (Groundball, 4)
Batting: RHB Henry Edwards 0-0: Ball
1-0: Ball
2-0: Foul Ball, location: 2F
2-1: Ground out 6-3 (Groundball, 6)
Bottom of the 2nd over - 0 run(s), 0 hit(s), 0 error(s), 0 left on base; West Virginia 0 - Pittsburgh 0
TOP OF THE 3RD
West Virginia Mountaineers batting - Pitching for Pittsburgh Panthers : RHP Les Johnston
Batting: RHB Luis Costa 0-0: Ball
1-0: Ball
2-0: Called Strike
2-1: SINGLE (Groundball, 5D)
Batting: RHB Howard Gould 0-0: Fly out, F8 (Flyball, 8LM)
Batting: RHB Drew Logan 0-0: Fly out, F3 (Popup, 3F)
Batting: RHB Paul Rainford 0-0: Ball
1-0: Called Strike
1-1: Ball
2-1: Ball
3-1: Called Strike
3-2: Base on Balls
Luis Costa to second
Batting: SHB Jonathan Woodard 0-0: Ball
1-0: Ball
Balk!
Luis Costa to third
Paul Rainford to second
2-0: Swinging Strike
2-1: Swinging Strike
2-2: Ball
3-2: Strikes out looking
Top of the 3rd over - 0 run(s), 1 hit(s), 0 error(s), 2 left on base; West Virginia 0 - Pittsburgh 0
BOTTOM OF THE 3RD
Pittsburgh Panthers batting - Pitching for West Virginia Mountaineers : LHP Wilson Ramos
Batting: RHB Pete Woods 0-0: Called Strike
0-1: Ball
1-1: Foul Ball, location: 2F
1-2: Fly out, F8 (Flyball, 8RM)
Batting: RHB Todd Noone 0-0: Ball
1-0: Called Strike
1-1: Foul Ball, location: 2F
1-2: Ball
2-2: Ball
3-2: Strikes out swinging
Batting: SHB Tim Mullen 0-0: Fly out, F8 (Flyball, 8RM)
Bottom of the 3rd over - 0 run(s), 0 hit(s), 0 error(s), 0 left on base; West Virginia 0 - Pittsburgh 0
TOP OF THE 4TH
West Virginia Mountaineers batting - Pitching for Pittsburgh Panthers : RHP Les Johnston
Batting: RHB Elvis Bingham 0-0: Reached on error, E2 (Groundball, 23)
Batting: RHB Gary Stephenson 0-0: Swinging Strike
0-1: Ball
1-1: Ball
2-1: Ball
3-1: Swinging Strike
3-2: Base on Balls
Batting: RHB Jim Williams 0-0: Fly out, F8 (Line Drive, 8LM)
Batting: RHB José Vázquez 0-0: Ball
1-0: SINGLE (Line Drive, 6)
Elvis Bingham to third
Gary Stephenson to second
Batting: RHB Luis Costa 0-0: SINGLE (Groundball, 4MD)
Elvis Bingham scores
Gary Stephenson to third
José Vázquez to second
Batting: RHB Howard Gould 0-0: Ball
1-0: Ball
2-0: Swinging Strike
2-1: Called Strike
2-2: Strikes out swinging
Batting: RHB Drew Logan 0-0: Ball
1-0: Foul Ball, location: 2F
1-1: Ball
2-1: Foul Ball, location: 2F
2-2: Ball
3-2: Foul Ball, location: 2F
3-2: Foul Ball, location: 2F
3-2: Base on Balls
Gary Stephenson scores
José Vázquez to third
Luis Costa to second
Batting: RHB Paul Rainford 0-0: Foul Ball, location: 2F
0-1: Ball
1-1: Called Strike
1-2: Strikes out looking
Top of the 4th over - 2 run(s), 2 hit(s), 1 error(s), 3 left on base; West Virginia 2 - Pittsburgh 0
BOTTOM OF THE 4TH
Pittsburgh Panthers batting - Pitching for West Virginia Mountaineers : LHP Wilson Ramos
Batting: RHB Jaime Delgado 0-0: Called Strike
0-1: Ball
1-1: Called Strike
1-2: Foul Ball, location: 2F
1-2: Ball
2-2: Fly out, F8 (Flyball, 8RM)
Batting: RHB Félix Ruíz 0-0: Ground out 6-3 (Groundball, 6)
Batting: LHB Michael Melton 0-0: Called Strike
0-1: Fly out, F8 (Flyball, 8LM)
Bottom of the 4th over - 0 run(s), 0 hit(s), 0 error(s), 0 left on base; West Virginia 2 - Pittsburgh 0
TOP OF THE 5TH
West Virginia Mountaineers batting - Pitching for Pittsburgh Panthers : RHP Les Johnston
Batting: SHB Jonathan Woodard 0-0: Called Strike
0-1: DOUBLE (Flyball, 7LD)
Batting: RHB Elvis Bingham 0-0: Called Strike
0-1: Ball
1-1: Fly out, F8 (Flyball, 8LM)
Batting: RHB Gary Stephenson 0-0: Called Strike
0-1: Ball
1-1: Ball
2-1: Ball
3-1: Base on Balls
Pitching: LHP Len Hargrove
Batting: RHB Jim Williams 0-0: Fly out, F3 (Popup, 3F)
Batting: RHB José Vázquez 0-0: Ball
1-0: Ball
2-0: Ball
3-0: Base on Balls
Jonathan Woodard to third
Gary Stephenson to second
Batting: RHB Luis Costa 0-0: Ball
1-0: Ball
2-0: Called Strike
2-1: Ball
3-1: Base on Balls
Jonathan Woodard scores
Gary Stephenson to third
José Vázquez to second
Batting: RHB Howard Gould 0-0: Foul Ball, location: 2F
0-1: DOUBLE (Line Drive, 7LS)
Gary Stephenson scores
José Vázquez scores
Luis Costa to third
Runner from 3rd tries for Home, SAFE, no throw or cutoff
Batting: RHB Drew Logan 0-0: Ball
Howard Gould steals 3rd base
1-0: Called Strike
1-1: SINGLE (Groundball, 56)
Howard Gould scores
Batting: RHB Paul Rainford 0-0: Ball
1-0: Swinging Strike
1-1: Swinging Strike
1-2: Ball
2-2: Ball
3-2: Base on Balls
Drew Logan to second
Batting: SHB Jonathan Woodard 0-0: Ball
1-0: Called Strike
1-1: Swinging Strike
1-2: Strikes out looking
Top of the 5th over - 5 run(s), 3 hit(s), 0 error(s), 2 left on base; West Virginia 7 - Pittsburgh 0
BOTTOM OF THE 5TH
Pittsburgh Panthers batting - Pitching for West Virginia Mountaineers : LHP Wilson Ramos
Batting: RHB Rob Gilbert 0-0: Ball
1-0: Swinging Strike
1-1: Ball
2-1: Foul Ball, location: 2F
2-2: Ground out 6-3 (Groundball, 6)
Batting: RHB Ismael Ortíz 0-0: Ground out 4-3 (Groundball, 4M)
Batting: RHB Henry Edwards 0-0: Ball
1-0: Called Strike
1-1: Foul Ball, location: 2F
1-2: Fly out, F9 (Flyball, 89M)
Bottom of the 5th over - 0 run(s), 0 hit(s), 0 error(s), 0 left on base; West Virginia 7 - Pittsburgh 0
TOP OF THE 6TH
West Virginia Mountaineers batting - Pitching for Pittsburgh Panthers : LHP Len Hargrove
Pitching: RHP James Kidney
Batting: RHB Elvis Bingham 0-0: SINGLE (Flyball, 89M)
Batting: RHB Gary Stephenson 0-0: Called Strike
0-1: Ball
1-1: Ball
2-1: DOUBLE (Line Drive, 89M)
Elvis Bingham to third
Batting: RHB Jim Williams 0-0: Ground out 6-3 (Groundball, 6)
Elvis Bingham scores
Batting: RHB José Vázquez 0-0: Ball
1-0: Swinging Strike
1-1: Swinging Strike
1-2: Ball
2-2: Foul Ball, location: 2F
2-2: Ball
3-2: Strikes out looking
Batting: RHB Luis Costa 0-0: Called Strike
0-1: Called Strike
0-2: Strikes out swinging
Top of the 6th over - 1 run(s), 2 hit(s), 0 error(s), 1 left on base; West Virginia 8 - Pittsburgh 0
BOTTOM OF THE 6TH
Pittsburgh Panthers batting - Pitching for West Virginia Mountaineers : LHP Wilson Ramos
Batting: RHB Pete Woods 0-0: Ball
1-0: Ball
2-0: Swinging Strike
2-1: Foul Ball, location: 2F
2-2: Strikes out swinging
Batting: RHB Todd Noone 0-0: Foul Ball, location: 2F
0-1: Ball
1-1: Fly out, F4 (Line Drive, 4M)
Batting: SHB Tim Mullen 0-0: Swinging Strike
0-1: Foul Ball, location: 2F
0-2: Strikes out swinging
Bottom of the 6th over - 0 run(s), 0 hit(s), 0 error(s), 0 left on base; West Virginia 8 - Pittsburgh 0
TOP OF THE 7TH
West Virginia Mountaineers batting - Pitching for Pittsburgh Panthers : RHP James Kidney
Batting: RHB Howard Gould 0-0: Ball
1-0: Ball
2-0: Called Strike
2-1: Ball
3-1: Base on Balls
Batting: RHB Drew Logan 0-0: Ball
1-0: Ball
2-0: Bunted foul
2-1: Bunted foul
2-2: 2-RUN HOME RUN (Flyball, 78XD), Distance : 378 ft
Pitching: LHP Alan Franklin
Batting: RHB Paul Rainford 0-0: Ball
1-0: Foul Ball, location: 2F
1-1: Ball
2-1: Fly out, F8 (Flyball, 8RM)
Batting: SHB Jonathan Woodard 0-0: Swinging Strike
0-1: Ball
1-1: Foul Ball, location: 2F
1-2: Ball
2-2: Strikes out looking
Batting: RHB Elvis Bingham 0-0: Ball
1-0: Ball
2-0: Ball
3-0: Base on Balls
Batting: RHB Gary Stephenson 0-0: Ball
1-0: Called Strike
1-1: SINGLE (Line Drive, 8LS)
Elvis Bingham to second
Runner from 2nd tries for 3rd, SAFE, throw made to third
Batting: RHB Jim Williams 0-0: Fly out, F8 (Flyball, 8RM)
Top of the 7th over - 2 run(s), 2 hit(s), 0 error(s), 2 left on base; West Virginia 10 - Pittsburgh 0
BOTTOM OF THE 7TH
Pittsburgh Panthers batting - Pitching for West Virginia Mountaineers : LHP Wilson Ramos
Batting: RHB Jaime Delgado 0-0: Called Strike
0-1: DOUBLE (Line Drive, 7LS)
Batting: RHB Félix Ruíz 0-0: Ball
1-0: Ball
2-0: Ground out 5-3 (Groundball, 5)
Batting: LHB Michael Melton 0-0: Foul Ball, location: 2F
0-1: Foul Ball, location: 2F
0-2: Ball
1-2: Ball
2-2: Ball
3-2: Ground out U3 (Groundball, 3)
Jaime Delgado to third
Batting: RHB Rob Gilbert 0-0: Called Strike
0-1: Swinging Strike
0-2: Ball
1-2: Ball
2-2: Strikes out looking
Bottom of the 7th over - 0 run(s), 1 hit(s), 0 error(s), 1 left on base; West Virginia 10 - Pittsburgh 0
TOP OF THE 8TH
West Virginia Mountaineers batting - Pitching for Pittsburgh Panthers : LHP Alan Franklin
Batting: RHB José Vázquez 0-0: Ball
1-0: Called Strike
1-1: Ball
2-1: Swinging Strike
2-2: Ball
3-2: Foul Ball, location: 2F
3-2: Strikes out swinging
Batting: RHB Luis Costa 0-0: SINGLE (Groundball, 5)
Batting: RHB Howard Gould 0-0: Ball
1-0: Called Strike
1-1: Foul Ball, location: 2F
1-2: Ball
Luis Costa steals 2nd base
2-2: Ball
3-2: Fly out, F8 (Flyball, 8LM)
Batting: RHB Drew Logan 0-0: Called Strike
0-1: Fly out, F9 (Popup, 34D)
Top of the 8th over - 0 run(s), 1 hit(s), 0 error(s), 1 left on base; West Virginia 10 - Pittsburgh 0
BOTTOM OF THE 8TH
Pittsburgh Panthers batting - Pitching for West Virginia Mountaineers : LHP Wilson Ramos
Batting: RHB Ismael Ortíz 0-0: Called Strike
0-1: Ball
1-1: Swinging Strike
1-2: Ball
2-2: Ball
3-2: Base on Balls
Batting: RHB Henry Edwards 0-0: Ball
1-0: Swinging Strike
1-1: Swinging Strike
1-2: Reached on error, E6 (Groundball, 6)
Ismael Ortíz to second
Pitching: RHP Ashton Martínez
Batting: RHB Pete Woods 0-0: Swinging Strike
0-1: Ball
1-1: Grounds into double play, U4-3 (Groundball, 4)
Ismael Ortíz to third
Batting: RHB Todd Noone 0-0: Fly out, F3 (Line Drive, 34)
Bottom of the 8th over - 0 run(s), 0 hit(s), 1 error(s), 1 left on base; West Virginia 10 - Pittsburgh 0
TOP OF THE 9TH
West Virginia Mountaineers batting - Pitching for Pittsburgh Panthers : LHP Alan Franklin
Pitching: RHP Dusty Lester
Batting: RHB Paul Rainford 0-0: Ball
1-0: Ball
2-0: Ball
3-0: Base on Balls
Batting: SHB Jonathan Woodard 0-0: Fly out, F8 (Flyball, 8RM)
Batting: RHB Elvis Bingham 0-0: Called Strike
0-1: Swinging Strike
0-2: Strikes out swinging
Batting: RHB Gary Stephenson 0-0: Fly out, F8 (Flyball, 8RM)
Top of the 9th over - 0 run(s), 0 hit(s), 0 error(s), 1 left on base; West Virginia 10 - Pittsburgh 0
BOTTOM OF THE 9TH
Pittsburgh Panthers batting - Pitching for West Virginia Mountaineers : RHP Ashton Martínez
Batting: SHB Tim Mullen 0-0: Foul Ball, location: 2F
0-1: Ball
1-1: Ball
2-1: Ball
3-1: Base on Balls
Batting: RHB Jaime Delgado 0-0: Swinging Strike
0-1: Hit by Pitch
Tim Mullen to second
Batting: RHB Félix Ruíz 0-0: Ball
1-0: Ball
2-0: Called Strike
2-1: Foul Ball, location: 2F
2-2: Ball
3-2: Fly out, F6 (Line Drive, 6)
Batting: LHB Michael Melton 0-0: Called Strike
0-1: Called Strike
0-2: Ball
1-2: Strikes out swinging
Batting: RHB Rob Gilbert 0-0: Ground out 5-3 (Groundball, 56S)
Bottom of the 9th over - 0 run(s), 0 hit(s), 0 error(s), 2 left on base; West Virginia 10 - Pittsburgh 0
This league is powered by Out of the Park Baseball, the baseball management simulation game for PC, Mac and Linux
Tuesday, August 2nd, 2016 - OOTP Baseball 16.8 Build 38